 Dungeon Crawl Stone Soup version 0.28.0 (webtiles) character file.

Game seed: 1663292989904914040

267724 Kaptain the Earth Mage (level 20, -4/124 HPs)
             Began as a Gargoyle Earth Elementalist on Feb 14, 2022.
             Slain by a dire elephant (22 damage)
             ... on level 1 of the Vaults.
             The game lasted 03:39:48 (56109 turns).

Kaptain the Earth Mage (GrEE)                      Turns: 56109, Time: 03:39:49

Health: -4/124     AC: 46    Str: 22    XL:     20   Next: 13%
Magic:  27/39      EV: 11    Int: 21    God:
Gold:   3185       SH:  0    Dex: 10    Spells: 21/49 levels left

rFire   + . .      SeeInvis +   N - +7 staff of the Meek {protect, meekguard}
rCold   + . .      Faith    .   (shield currently unavailable)
rNeg    + . .      Spirit   .   F - +5 shadow dragon scales
rPois   ∞          Reflect  .   H - +2 hat of Privacy {Drain Str+9 SInv}
rElec   +          Harm     .   G - +1 cloak {Stlth+}
rCorr   +          Rampage  .   f - +3 Mad Mage's Maulers {Infuse+∞ RegenMP Int-3}
Will    ++...                   u - +0 pair of boots
Stlth   ++++++....              b - amulet of magic regeneration
HPRegen 0.30/turn               o - ring of willpower
MPRegen 1.06/turn               x - ring of wizardry

@: resistant, flying, studying Throwing
A: sickness immunity, AC +15, big wings, negative energy resistance 1,
electricity resistance, torment resistance 1, petrification resistance
}: 2/15 runes: decaying, gossamer
a: no special abilities


You were on level 1 of the Vaults.
You visited 8 branches of the dungeon, and saw 36 of its levels.
You also visited: Bailey and Gauntlet.

You collected 4634 gold pieces.
You spent 1449 gold pieces at shops.

Inventory:

Hand Weapons
 e - the +9 dagger "Pannuewn" {venom, Dex+4}
   (You took it off a deep elf annihilator on level 3 of the Elven Halls)

   It poisons the flesh of those it strikes.
   Dex:       It affects your dexterity (+4).
 N - the +7 staff of the Meek (weapon) {protect, meekguard}
   (You found it on level 2 of the Lair of Beasts)

   It grants its wielder temporary protection when it strikes (+7 to AC).
   It provides extra protection to wielders with little health.
Missiles
 c - 678 stones
Armour
 f - the +3 Mad Mage's Maulers (worn) {Infuse+∞ RegenMP Int-3}
   (You found it on level 4 of the Spider Nest)

   It empowers its wearer's blows with all of their magic.
   It causes its wearer's magical reserves to regenerate more quickly.
   Int:       It affects your intelligence (-3).
 h - +0 steam dragon scales
 u - a +0 pair of boots (worn)
 F - +5 shadow dragon scales (worn)
 G - a +1 cloak of stealth (worn)
 H - the +2 hat of Privacy (worn) {Drain Str+9 SInv}
   (You acquired it on level 3 of the Spider Nest)

   Str:       It affects your strength (+9).
   SInv:      It lets you see invisible.
   Drain:     It drains your maximum health when unequipped.
 K - a +2 helmet of intelligence
 Y - a +2 pair of gloves
Magical Staves
 s - a staff of conjuration
 z - a staff of fire
Jewellery
 b - an amulet of magic regeneration (around neck)
 g - a ring of positive energy
 l - a ring of wizardry
 o - a ring of willpower (left hand)
 w - the amulet of Gluttony {Acrobat -Cast Dex+3}
   (You found it on level 3 of the Elven Halls)

   [amulet of the acrobat]

   It increases your evasion while moving and waiting.
   Dex:       It affects your dexterity (+3).
   -Cast:     It prevents spellcasting.
 x - a ring of wizardry (right hand)
 y - the ring of Ushrul {rCorr Str+5}
   (You found it on level 5 of the Dungeon)

   [ring of resist corrosion]

   Str:       It affects your strength (+5).
   rCorr:     It protects you from acid and corrosion.
 A - a ring of see invisible
 J - a ring of willpower
 L - the ring "Kufel" {rC- rCorr Dex+6}
   (You found it on level 2 of the Spider Nest)

   [ring of resist corrosion]

   Dex:       It affects your dexterity (+6).
   rC:        It makes you vulnerable to cold.
   rCorr:     It protects you from acid and corrosion.
 T - the ring "Lijaismo" {Fly rPois rC+}
   (You took it off a minotaur in a Gauntlet)

   [ring of flight]

   rC:        It protects you from cold.
   rPois:     It protects you from poison.
   Fly:       It grants you flight.
 V - the dreamshard necklace {*Dream Drain}
   (You found it in a Gauntlet)

   [amulet of nothing]

   It shatters if its wearer takes lethal or near-lethal damage, preventing the
   blow and releasing protective dreams that heal and fight for the wearer.
   Drain:     It drains your maximum health when unequipped.
 Z - an amulet of regeneration
Wands
 D - a wand of paralysis (11)
 E - a wand of mindburst (33)
 P - a wand of digging (9)
 R - a wand of iceblast (20)
Scrolls
 i - 3 scrolls of magic mapping
 m - 15 scrolls of identify
 n - 3 scrolls of holy word
 C - 10 scrolls of enchant weapon
 I - 4 scrolls of blinking
 O - 8 scrolls of fog
 Q - 3 scrolls of brand weapon
 X - 4 scrolls of immolation
Potions
 a - 6 potions of ambrosia
 j - 2 potions of resistance
 p - 8 potions of mutation
 q - 4 potions of cancellation
 v - 10 potions of curing
 B - 6 potions of brilliance
 S - 8 potions of might
 U - 2 potions of magic
Miscellaneous
 t - a lightning rod (4/4)


   Skills:
 + Level 13.0 Fighting
 + Level 12.9 Armour
 + Level 10.3 Dodging
 - Level 11.0 Stealth
 - Level 5.3 Shields
 * Level 15.4 Spellcasting
 * Level 17.9 Conjurations
 - Level 0.7 Transmutations
 * Level 19.8 Earth Magic


You had 21 spell levels left.
You knew the following spells:

 Your Spells              Type           Power      Damage    Failure   Level
a - Sandblast             Erth           100%       2d20      0%          1
b - Stone Arrow           Conj/Erth      100%       3d13      1%          3
c - Swiftness             Air            16%        N/A       22%         3
d - Lee's Rapid Deconstr  Erth           39%        3d20*     1%          5
e - Shatter               Erth           39%        3d31*     89%         9
f - Orb of Destruction    Conj           37%        9d11      4%          7

Your spell library contained the following spells:

 Spells                   Type           Power      Damage    Failure   Level
 Passwall                 Tmut/Erth      46%        N/A       1%          2
 Mephitic Cloud           Conj/Pois/Air  41%        N/A       1%          3
 Animate Armour           Summ/Erth      100%       N/A       1%          4
 Leda's Liquefaction      Hex/Erth       27%        N/A       1%          4
 Petrify                  Tmut/Erth      56%        N/A       1%          4
 Borgnjor's Vile Clutch   Necr/Erth      27%        N/A       3%          5
 Beastly Appendage        Tmut           38%        N/A       6%          1
 Pain                     Necr           64%        1d7       8%          1
 Slow                     Hex            64%        N/A       8%          1
 Wereblood                Tmut           19%        N/A       9%          2
 Call Imp                 Summ           16%        N/A       12%         2
 Ensorcelled Hibernation  Hex/Ice        32%        N/A       12%         2
 Spider Form              Tmut/Pois      17%        N/A       21%         3
 Lehudib's Crystal Spear  Conj/Erth      38%        10d10     21%         8
 Confusing Touch          Hex            16%        N/A       22%         3
 Portal Projectile        Hex/Tloc       32%        N/A       22%         3
 Summon Guardian Golem    Hex/Summ       16%        N/A       22%         3
 Tukima's Dance           Hex            16%        N/A       22%         3
 Vampiric Draining        Necr           16%        2d7       22%         3
 Cause Fear               Hex            8%         N/A       56%         4
 Olgreb's Toxic Radiance  Pois           16%        N/A       56%         4
 Passage of Golubria      Tloc           16%        N/A       56%         4
 Summon Ice Beast         Ice/Summ       16%        N/A       56%         4
 Summon Lightning Spire   Summ/Air       16%        N/A       56%         4
 Blade Hands              Tmut           9%         N/A       80%         5
 Spellforged Servitor     Conj/Summ      26%        N/A       82%         7
 Alistair's Intoxication  Tmut/Pois      11%        N/A       86%         5
 Yara's Violent Unravell  Hex/Tmut       8%         3d5       86%         5
 Agony                    Necr           16%        N/A       88%         5
 Excruciating Wounds      Necr           8%         N/A       88%         5
 Metabolic Englaciation   Hex/Ice        8%         N/A       88%         5
 Summon Forest            Summ/Tloc      8%         N/A       88%         5
 Summon Mana Viper        Hex/Summ       16%        N/A       88%         5
 Eringya's Noxious Bog    Tmut/Pois      8%         N/A       100%        6
 Dragon Form              Tmut           9%         N/A       100%        7
 Haunt                    Necr/Summ      8%         N/A       100%        7
 Monstrous Menagerie      Summ           8%         N/A       100%        7
 Ozocubu's Refrigeration  Ice            8%         4d6       100%        7
 Ignition                 Fire           8%         3d5       100%        8
 Dragon's Call            Summ           8%         N/A       100%        9
 Statue Form              Tmut/Erth      Unusable   N/A       N/A         6

Dungeon Overview and Level Annotations

Branches:
Dungeon (15/15)            Temple (1/1) D:5            Lair (6/6) D:11
  Swamp (4/4) Lair:4       Spider (4/4) Lair:3        Slime (0/5) Lair:5
    Orc (2/2) D:11            Elf (3/3) Orc:2        Vaults (1/5) D:13
 Depths (0/4) D:15         Bailey (visited)         Gauntlet (visited)

Altars:
Ashenzari
Cheibriados
Dithmenos
Elyvilon
Fedhas
Gozag
Hepliaklqana
Kikubaaqudgha
Makhleb
Nemelex Xobeh
Okawaru
Qazlal
Ru
Sif Muna
Trog
Uskayaw
Vehumet
Wu Jian
Xom
Yredelemnul
Zin
The Shining One
Beogh
Jiyva

Shops:
D:1 *   Orc:2 *=*!   Elf:2 :=:

Annotations:
D:10 1 transporter
Spider:4 2 transporters, Honosyedgha's ghost, adept GrBe; mfcas's ghost, adept DECj
Elf:3 3 runed translucent doors


Innate Abilities, Weirdness & Mutations

You are immune to sickness and miasma.
Your stone body is resilient. (AC +15)
You are immune to poison.
Your large and strong wings let you fly.
You resist negative energy. (rN+)
You are resistant to electric shocks. (rElec)
You are resistant to unholy torment.
You are immune to petrification.


Message History

The blast of rock fragments hits the dire elephant!
The dire elephant is almost dead.
You hear a shout!
The dire elephant barely misses you.
The dire elephant trunk-slaps you but does no damage.
Casting: Lee's Rapid Deconstruction (safe; 1% risk of failure)
Confirm with . or Enter, or press ? or * to list all spells.
Aiming: Lee's Rapid Deconstruction (safe; 1% risk of failure)
Press: ? - help, Dir - move target An open door.
The stone door frame shatters!
The blast of rock fragments hits the ironbound preserver!
The ironbound preserver is almost dead.
The blast of rock fragments hits the dire elephant but does no damage.
The dire elephant is almost dead.
The dire elephant tramples you.
* * * LOW HITPOINT WARNING * * *
You are shoved backwards!
Unknown command.
Casting: Lee's Rapid Deconstruction (safe; 1% risk of failure)
Confirm with . or Enter, or press ? or * to list all spells.
You don't have enough magic to cast this spell.
Unknown command.
Magic courses through your body. The dire elephant misses you.
The dire elephant trunk-slaps you.
* * * LOW HITPOINT WARNING * * *
Unknown command.
Casting: Lee's Rapid Deconstruction (safe; 1% risk of failure)
Confirm with . or Enter, or press ? or * to list all spells.
Aiming: Lee's Rapid Deconstruction (safe; 1% risk of failure)
Press: ? - help, Dir - move target A stone wall.
The wall shatters!
The blast of rock fragments hits the ironbound preserver!!
You kill the ironbound preserver!
The blast of rock fragments hits the dire elephant!
The dire elephant is almost dead.
You hear a shout!
The dire elephant tramples you!!
You die...

******** ######## *,,,,,,,
#Y'p.p.# *,,>,,,, #.#[.#)#
*,,,,,,, #.#+##Y# *,,,,,,,
####
#Y#!.#@#********,,,,,,,
#..#
#p####.#,,,,,,,*,,,,,,,
#..#
#TT....#,,,,,,,*,,,,,,,
#..##
#####Y#####,,,,,,,********
....####.pT....#
*,,,,,,,*,,,,,,,
......TTT......#
*,,,,,,,+,,,,,,,
......)#.......#
*,,,,,,,*,,**''*
....####.......#
*********,,*,,,, #..##
#.......# *,,*,,,,


You could see a dire elephant and a vault warden.

Vanquished Creatures
  A tentacled monstrosity (Swamp:4)
  A deep elf master archer (Elf:3)
  2 deep elf blademasters (Elf:3)
  2 thorn hunters (Swamp:4)
  An ancient champion (Elf:1)
  Roxanne (Swamp:4)
  2 azure jellies (Lair:5)
  A fenstrider witch (Swamp:3)
  6 emperor scorpions
  A frost giant (D:15)
  8 deep elf sorcerers
  2 orc warlords (Orc:1)
  6 ghost moths
  2 broodmothers
  2 ironbound preservers (Vaults:1)
  6 deep elf elementalists (Elf:3)
  A stone giant (D:9)
  4 deep elf demonologists
  A vampire knight (Orc:2)
  3 eleionomae
  5 entropy weavers
  9 deep elf annihilators (Elf:3)
  3 bunyips
  A minotaur (Gauntlet)
  2 spark wasps
  4 deep elf death magi
  3 jiangshi (Elf:1)
  Snorg (Lair:4)
  6 deep elf high priests (Elf:3)
  2 crystal guardians (D:15)
  Harold (D:8)
  26 hydras
  8 boulder beetles
  A ghost crab (Swamp:1)
  A centaur warrior (D:9)
  28 dancing weapons
  11 two-headed ogres
  5 alligators
  4 tengu warriors
  7 orc high priests
  Urug (Lair:2)
  A sun moth (Spider:4)
  3 spriggans (Swamp:1)
  11 deep elf knights
  A shadow wraith (Elf:1)
  2 pharaoh ants (Spider:3)
  3 sixfirhies (Gauntlet)
  An elf simulacrum (Elf:1)
  A fire crab (Lair:6)
  7 spriggan druids
  2 goliath frogs
  10 deep trolls
  12 deep elf archers
  A flayed ghost (Elf:1)
  10 swamp dragons
  5 bog bodies
  An orange crystal statue (D:15)
  7 orb spiders
  7 steelbarb worms
  3 wizards
  7 ugly things
  5 orc knights
  27 deep elf pyromancers
  9 wolf spiders
  29 deep elf zephyrmancers
  6 orc sorcerers
  2 oklob plants
  6 will-o-the-wisps
  10 cyclopes
  5 moths of wrath
  2 manticores (Lair:5)
  2 black mambas
  An ice statue (Gauntlet)
  4 torpor snails
  An elephant (Lair:5)
  5 centaur zombies
  2 vault sentinels (Vaults:1)
  A cane toad (shapeshifter) (D:15)
  9 cane toads
  5 spectral elves (Elf:1)
  A gargoyle (D:12)
  7 rime drakes
  Maggie (D:6)
  7 komodo dragons
  A tengu conjurer (D:13)
  2 unseen horrors
  6 demonic crawlers
  An efreet (D:15)
  A komodo dragon (shapeshifter) (D:14)
  7 tyrant leeches
  15 meliai
  A polar bear (Lair:2)
  A queen bee (Lair:5)
  6 trolls
  2 bloated husks (Swamp:3)
  8 hornets
  24 tarantellas
  8 slime creatures
  17 blink frogs
  A snapping turtle (shapeshifter) (D:15)
  A dream sheep (Lair:6)
  18 jumping spiders
  A flying skull (Elf:1)
  6 air elementals
  A centaur simulacrum (D:14)
  3 shadows
  21 culicivoras
  5 wyverns
  33 yaks
  A vampire (Elf:1)
  2 water elementals (Elf:3)
  5 wraiths
  10 basilisks
  2 fire elementals
  2 steam dragons
  60 redbacks
  3 wargs
  8 vampire mosquitoes (Swamp:3)
  17 swamp worms
  2 acid dragons
  4 water moccasins
  11 swamp drakes
  49 orc warriors
  3 sky beasts
  A hornet zombie (D:9)
  A black bear (Lair:3)
  2 necrophages (D:8)
  9 ogres
  8 centaurs
  5 wolves
  4 kobold brigands
  2 earth elementals
  2 scorpions
  17 bullfrogs
  A gnoll sergeant (D:11)
  A water moccasin skeleton (D:6)
  41 killer bees
  6 spriggan skeletons (D:10)
  5 electric eels
  6 howler monkeys
  A troll skeleton (D:10)
  6 crimson imps (D:13)
  2 hounds (D:5)
  2 bullfrog zombies
  36 orc priests
  4 jellies
  A scorpion zombie (D:5)
  41 orc wizards
  4 iguanas
  2 howler monkey zombies
  2 adders
  8 gnolls
  2 shadow imps
  5 white imps
  5 worms
  3 dart slugs
  72 orcs
  6 endoplasms
  7 giant cockroaches
  8 goblins
  6 hobgoblins
  15 kobolds
  2 quokkas (D:1)
  7 ball pythons
  7 bats
  2 frilled lizards (D:1)
  6 rats
  2 butterflies (Lair:4)
1168 creatures vanquished.

Vanquished Creatures (collateral kills)
  An orc (D:7)
1 creature vanquished.

Vanquished Creatures (others)
  A deep elf knight (Elf:2)
  A bloated husk (Swamp:1)
  2 killer bees (Lair:5)
  A briar patch (Swamp:4)
  10 foxfires
  37 fungi
  A lost soul (Elf:1)
  79 plants
132 creatures vanquished.

Grand Total: 1301 creatures vanquished

Notes
Turn   | Place    | Note
-------+----------+-------------------------------------------
     0 | D:1      | Kaptain the Gargoyle Earth Elementalist began the quest for
                  | the Orb.
     0 | D:1      | Reached XP level 1. HP: 10/10 MP: 3/3
   298 | D:1      | Reached XP level 2. HP: 15/15 MP: 5/5
   401 | D:1      | Reached skill level 4 in Earth Magic
   570 | D:1      | Found Udepsaar's General Store.
   658 | D:1      | Reached XP level 3. HP: 16/20 MP: 6/6
   662 | D:1      | Learned a level 3 spell: Stone Arrow
   916 | D:1      | Found a faded altar of an unknown god.
  1020 | D:1      | You fall into a shaft and drop 1 floor!
  2202 | D:2      | Reached skill level 1 in Fighting
  2281 | D:2      | Reached skill level 1 in Armour
  2281 | D:2      | Reached XP level 4. HP: 21/25 MP: 7/7
  2538 | D:3      | Reached skill level 1 in Conjurations
  3197 | D:3      | Reached XP level 5. HP: 17/29 MP: 1/9
  3825 | D:4      | Found a hazy altar of Hepliaklqana.
  3897 | D:4      | Found an opulent altar of Gozag.
  4169 | D:4      | Found a white marble altar of Elyvilon.
  4263 | D:4      | Reached XP level 6. HP: 33/35 MP: 6/10
  4768 | D:4      | Reached skill level 5 in Earth Magic
  5383 | D:5      | Entered Level 5 of the Dungeon
  5396 | D:5      | Identified the ring of Ushrul {rCorr Str+5}
  5617 | D:5      | Found a glowing silver altar of Zin.
  5625 | D:5      | Found a stormy altar of Qazlal.
  5709 | D:5      | Reached XP level 7. HP: 40/40 MP: 6/12
  5803 | D:5      | Found a staircase to the Ecumenical Temple.
  5809 | Temple   | Entered the Ecumenical Temple
  6123 | D:5      | Found a hide-covered altar of Uskayaw.
  6256 | D:6      | Reached skill level 6 in Earth Magic
  6256 | D:6      | Reached XP level 8. HP: 11/46 MP: 7/14
  6506 | D:6      | Found a shimmering altar of Xom.
  6886 | D:6      | Noticed Maggie
  6895 | D:6      | Killed Maggie
  7171 | D:7      | Reached skill level 7 in Earth Magic
  7181 | D:7      | Reached skill level 5 in Spellcasting
  7181 | D:7      | Reached skill level 5 in Conjurations
  7181 | D:7      | Reached XP level 9. HP: 50/51 MP: 16/16
  7859 | D:7      | Found a radiant altar of Vehumet.
  8074 | D:8      | Noticed a cyclops
  8301 | D:8      | Found an iron altar of Okawaru.
  8364 | D:8      | Reached skill level 5 in Stealth
  8611 | D:8      | Noticed Harold
  9026 | D:8      | Reached skill level 8 in Earth Magic
  9051 | D:8      | Killed Harold
  9052 | D:8      | Reached XP level 10. HP: 49/58 MP: 1/19
  9717 | D:9      | Found a flagged portal.
  9731 | Bailey   | Entered a bailey
  9988 | Bailey   | Noticed an orc knight
  9988 | Bailey   | Noticed an orc knight
  9993 | Bailey   | Killed an orc knight
  9996 | Bailey   | Reached skill level 5 in Fighting
 10082 | Bailey   | Killed an orc knight
 10083 | Bailey   | Reached skill level 5 in Armour
 10083 | Bailey   | Reached skill level 9 in Earth Magic
 10382 | D:9      | Noticed an eight-headed hydra
 10382 | D:9      | Noticed a cyclops
 10382 | D:9      | Noticed a boulder beetle
 10382 | D:9      | Noticed a stone giant
 10382 | D:9      | Noticed a two-headed ogre
 10383 | D:9      | Noticed a deep elf pyromancer
 10440 | D:9      | Killed a two-headed ogre
 10492 | D:9      | Killed a deep elf pyromancer
 10494 | D:9      | Reached XP level 11. HP: 64/64 MP: 12/21
 10500 | D:9      | Noticed a centaur warrior
 10502 | D:9      | Killed a centaur warrior
 10789 | D:9      | Reached skill level 10 in Earth Magic
 10959 | D:9      | Killed a cyclops
 10960 | D:9      | Reached skill level 1 in Shields
 10995 | D:9      | Learned a level 3 spell: Swiftness
 11202 | D:9      | Killed an eight-headed hydra
 11520 | D:9      | Killed a stone giant
 11521 | D:9      | Reached skill level 5 in Dodging
 11994 | D:8      | Killed a cyclops
 12181 | D:10     | Entered Level 10 of the Dungeon
 12284 | D:10     | Found a sparkling altar of Nemelex Xobeh.
 12284 | D:10     | Found a transporter.
 12284 | D:10     | Noticed a yaktaur captain
 12284 | D:10     | Noticed a deep elf pyromancer
 12381 | D:10     | Noticed a two-headed ogre
 12452 | D:10     | Killed a two-headed ogre
 12536 | D:10     | Reached XP level 12. HP: 71/71 MP: 20/24
 12809 | D:10     | Found a glowing golden altar of the Shining One.
 12975 | D:10     | Reached skill level 11 in Earth Magic
 13069 | D:11     | Noticed a two-headed ogre
 13100 | D:11     | Killed a two-headed ogre
 13199 | D:11     | Noticed a two-headed ogre
 13204 | D:11     | Killed a two-headed ogre
 13239 | D:11     | Noticed a two-headed ogre
 13240 | D:11     | Noticed a two-headed ogre
 13271 | D:11     | Killed a two-headed ogre
 13391 | D:11     | Killed a two-headed ogre
 13426 | D:11     | Identified the +1 leather armour of Vuracvo {Will+ Int-4
                  | Dex+2}
 13629 | D:11     | Found a staircase to the Orcish Mines.
 13957 | D:11     | Found a staircase to the Lair.
 14054 | Lair:1   | Entered Level 1 of the Lair of Beasts
 14509 | Lair:1   | Noticed a seven-headed hydra
 14517 | Lair:1   | Killed a seven-headed hydra
 14518 | Lair:1   | Reached skill level 10 in Conjurations
 15174 | Lair:2   | Found the +7 staff of the Meek {protect, meekguard}
 15188 | Lair:2   | Noticed Urug
 15190 | Lair:2   | Noticed a four-headed hydra
 15301 | Lair:2   | Killed Urug
 15302 | Lair:2   | Reached XP level 13. HP: 51/76 MP: 19/26
 15471 | Lair:2   | Reached skill level 12 in Earth Magic
 15754 | Lair:2   | Identified the +1 ring mail of Vourhir {Rampage rF- rCorr}
 16488 | Lair:3   | Identified the +5 ring mail of Autumn {Rampage rF+ Dex+2}
 16877 | Lair:3   | Found a hole to the Spider Nest.
 17075 | Lair:3   | You fall into a shaft and drop 2 floors!
 17136 | Lair:4   | Found a gate leading to a gauntlet.
 17145 | Gauntlet | Entered a Gauntlet
 17145 | Gauntlet | Found a transporter.
 17153 | Gauntlet | Found a transporter.
 17155 | Gauntlet | Found a transporter.
 17164 | Gauntlet | Found a runed translucent door.
 17166 | Gauntlet | Found a transporter.
 17168 | Gauntlet | Found a transporter.
 17185 | Gauntlet | Found a transporter.
 17192 | Gauntlet | Found a transporter.
 17203 | Gauntlet | Found a transporter.
 17212 | Gauntlet | Noticed a reaper
 17215 | Gauntlet | Found a transporter.
 17226 | Gauntlet | Found a runed translucent door.
 17226 | Gauntlet | Found a runed translucent door.
 17230 | Gauntlet | Found a transporter.
 17241 | Gauntlet | Found a transporter.
 17241 | Gauntlet | Found a transporter.
 17286 | Gauntlet | Found a transporter.
 17300 | Gauntlet | Found a transporter.
 17685 | Gauntlet | Reached skill level 5 in Shields
 17962 | Gauntlet | Identified the ring "Lijaismo" {Fly rPois rC+}
 17962 | Gauntlet | Noticed a minotaur
 17973 | Gauntlet | Killed a minotaur
 18254 | Gauntlet | Found the dreamshard necklace {*Dream Drain}
 18579 | Lair:4   | Found a staircase to the Swamp.
 19102 | Lair:4   | Noticed Snorg
 19109 | Lair:4   | Killed Snorg
 19443 | Lair:4   | Identified the +3 scale mail of the Bells {rPois Int+5}
 19467 | Lair:4   | Reached skill level 13 in Earth Magic
 20142 | Lair:5   | Gained mutation: Your large and strong wings let you fly.
                  | [Gargoyle growth]
 20142 | Lair:5   | Reached XP level 14. HP: 84/84 MP: 24/27
 20159 | Lair:5   | Reached skill level 10 in Spellcasting
 21349 | Lair:5   | Found a runed translucent door.
 21349 | Lair:5   | Found a viscous altar of Jiyva.
 21349 | Lair:5   | Found a staircase to the Slime Pits.
 21349 | Lair:5   | Noticed an azure jelly
 21349 | Lair:5   | Noticed an azure jelly
 21357 | Lair:5   | Killed an azure jelly
 21364 | Lair:5   | Killed an azure jelly
 22027 | Lair:6   | Entered Level 6 of the Lair of Beasts
 22262 | Orc:1    | Entered Level 1 of the Orcish Mines
 22772 | Orc:2    | Entered Level 2 of the Orcish Mines
 22804 | Orc:2    | Found a staircase to the Elven Halls.
 23146 | Orc:1    | Noticed an orc warlord
 23162 | Orc:1    | Killed an orc warlord
 23249 | Orc:1    | Noticed an orc warlord
 23715 | Orc:2    | Reached skill level 10 in Stealth
 23896 | Orc:2    | Paralysed by an orc sorcerer for 2 turns
 24485 | Orc:2    | Reached skill level 14 in Earth Magic
 24529 | Orc:2    | Found Plog's General Store.
 24529 | Orc:2    | Found Atsusonn's Jewellery Shop.
 24809 | Orc:2    | Found Vyaxua's Distillery.
 24822 | Orc:2    | Found Tobaol's General Store.
 24861 | Orc:2    | Learned a level 5 spell: Lee's Rapid Deconstruction
 26027 | Orc:1    | Killed an orc warlord
 26028 | Orc:1    | Reached XP level 15. HP: 87/90 MP: 1/29
 26705 | Spider:1 | Entered Level 1 of the Spider Nest
 27823 | Spider:1 | Noticed a ghost moth
 27840 | Spider:1 | Killed a ghost moth
 28210 | Swamp:1  | Entered Level 1 of the Swamp
 28461 | Swamp:1  | You are sucked into a shaft and drop 1 floor!
 28637 | Swamp:1  | Reached skill level 15 in Earth Magic
 29173 | Swamp:1  | Found a shadowy altar of Dithmenos.
 30260 | Swamp:3  | Noticed a fenstrider witch
 30717 | Swamp:3  | Reached XP level 16. HP: 60/97 MP: 25/31
 31355 | Swamp:3  | Killed a fenstrider witch
 31356 | Swamp:3  | Reached skill level 10 in Fighting
 31695 | Swamp:4  | Entered Level 4 of the Swamp
 31763 | Swamp:4  | Identified Roxanne's Collected Works on Clay
 31763 | Swamp:4  | Noticed Roxanne
 31769 | Swamp:4  | Killed Roxanne
 31770 | Swamp:4  | Reached skill level 10 in Armour
 31865 | Swamp:4  | Learned a level 9 spell: Shatter
 32867 | Swamp:4  | Noticed a thorn hunter
 33362 | Swamp:4  | Killed a thorn hunter
 33363 | Swamp:4  | Reached skill level 16 in Earth Magic
 33394 | Swamp:4  | Noticed a thorn hunter
 33411 | Swamp:4  | Killed a thorn hunter
 33711 | Swamp:4  | Got a decaying rune of Zot
 33904 | Swamp:4  | Noticed a tentacled monstrosity
 33918 | Swamp:4  | Killed a tentacled monstrosity
 35339 | Orc:2    | Bought 2 potions of mutation for 192 gold pieces
 35339 | Orc:2    | Bought a wand of digging (7) for 264 gold pieces
 35341 | Orc:2    | Bought a potion of heal wounds for 65 gold pieces
 35341 | Orc:2    | Bought a potion of mutation for 104 gold pieces
 35341 | Orc:2    | Bought a potion of ambrosia for 104 gold pieces
 35556 | D:12     | Identified the +0 chain mail of Aveibial {rCorr SInv}
 35702 | Elf:1    | Entered Level 1 of the Elven Halls
 35707 | Elf:1    | Paralysed by an air elemental for 1 turns
 35713 | Elf:1    | Paralysed by an air elemental for 1 turns
 36223 | Elf:1    | Reached XP level 17. HP: 99/103 MP: 20/33
 36300 | Elf:1    | Got Mara's Guide on the Escort
 36710 | Elf:1    | Reached skill level 15 in Conjurations
 37082 | Elf:1    | Noticed an ancient champion
 37767 | Elf:1    | Identified the +8 falchion "Zuxkul" {freeze, rElec rPois
                  | Will++ Str-5}
 37796 | Elf:1    | Reached skill level 17 in Earth Magic
 37897 | Orc:2    | Paralysed by a vampire knight for 4 turns
 38230 | Elf:1    | Killed an ancient champion
 38957 | Elf:2    | Found Sorylouv's Book Emporium.
 39071 | Elf:2    | Found Putowoukk's Jewellery Shop.
 39072 | Elf:2    | Found Dyadaox's Book Emporium.
 39128 | Elf:2    | Bought a book of Dangerous Friends for 720 gold pieces
 39136 | Elf:2    | Learned a level 7 spell: Orb of Destruction
 39878 | Elf:2    | Found a runed translucent gate.
 39878 | Elf:2    | Found a runed translucent gate.
 39878 | Elf:2    | Found a runed translucent gate.
 40174 | Elf:2    | Reached XP level 18. HP: 97/110 MP: 12/35
 41165 | Elf:3    | Entered Level 3 of the Elven Halls
 41699 | Elf:3    | Reached skill level 18 in Earth Magic
 41840 | Elf:3    | Found a runed translucent gate.
 41841 | Elf:3    | Found a runed translucent gate.
 41841 | Elf:3    | Found a runed translucent gate.
 42085 | Elf:3    | Noticed a deep elf blademaster
 42447 | Elf:3    | Noticed a deep elf blademaster
 42461 | Elf:3    | Killed a deep elf blademaster
 42714 | Elf:3    | Killed a deep elf blademaster
 42890 | Elf:3    | Noticed a deep elf master archer
 42894 | Elf:3    | Killed a deep elf master archer
 43275 | Elf:3    | Identified the +9 dagger "Pannuewn" {venom, Dex+4}
 43275 | Elf:3    | Identified the +0 leather armour "Weidwawo" {Rampage}
 44356 | Elf:3    | Identified the +5 hand crossbow of Eduskuv {venom, rElec
                  | rF+++ rC- Int-5}
 44393 | Elf:3    | Identified the +3 chain mail "Ydwihufe" {Regen+ Slay+5}
 44402 | Elf:3    | Identified the amulet of Gluttony {Acrobat -Cast Dex+3}
 44925 | D:13     | Found a gate to the Vaults.
 45822 | D:14     | Reached XP level 19. HP: 116/116 MP: 27/37
 46238 | D:14     | Found a blossoming altar of Fedhas.
 46748 | D:15     | Entered Level 15 of the Dungeon
 46891 | D:15     | Found a runed translucent door.
 47199 | D:15     | Identified the +8 flail "Ahexas" {vorpal, rPois Str+2
                  | Int+4}
 47220 | D:15     | Got the Papyrus of Poisoning and Creation
 47280 | D:15     | Found an ornate altar of the Wu Jian Council.
 47854 | D:15     | Found a staircase to the Depths.
 49056 | Spider:2 | Reached skill level 19 in Earth Magic
 49574 | Spider:2 | Identified the ring "Kufel" {rC- rCorr Dex+6}
 50240 | Spider:3 | Identified a scroll of acquirement
 50241 | Spider:3 | Acquired the +2 hat of Privacy {Drain Str+9 SInv}
 51536 | Spider:3 | Reached skill level 15 in Spellcasting
 51783 | Spider:3 | Reached skill level 10 in Dodging
 52339 | Spider:4 | Entered Level 4 of the Spider Nest
 52376 | Spider:4 | Found a transporter.
 53782 | Spider:4 | Found a transporter.
 53783 | Spider:4 | Noticed mfcas's ghost (adept DECj)
 53820 | Spider:4 | Noticed Honosyedgha's ghost (adept GrBe)
 55006 | Spider:4 | Reached XP level 20. HP: 120/124 MP: 12/39
 55099 | Spider:4 | Found the +3 Mad Mage's Maulers {Infuse+∞ RegenMP Int-3}
 55153 | Spider:4 | Got a gossamer rune of Zot
 55402 | Vaults:1 | Entered Level 1 of the Vaults
 56109 | Vaults:1 | Slain by a dire elephant

Illustrated notes

Levels and vault maps discovered:
D:1:      amcnicky_arrival_gap_in_the_tavern_cellar, layout_basic,
          chequers_ecumenical_altar_grove, serial_shops, shop
D:2:      layout_basic, corner_web_ring, minmay_strange_pillars,
          kennysheep_generic_room_15
D:3:      layout_loops_ring
D:4:      layout_loops_ring, grunt_gozag_statues, general_overflow_altar,
          mainiacjoe_overflow_24_doors, serial_co_window_serial,
          co_window_corner_a, co_window_paths_b, co_window_paths_b,
          co_window_paths_a, co_window_corner_a, co_window_of_opportunity_c,
          co_window_broadway_c, co_window_2corner, co_window_unsneaky_path_a,
          co_window_corner_b, co_window_unsneaky_path_c, co_window_paths_e,
          glass_columns_b, glass_columns_b, minmay_manual_mess
D:5:      layout_gridville, nicolae_uskayaw_suspiria, overflow_temple_1_default,
          kennysheep_mini, temple_green, lemuel_old_faithful
D:6:      layout_rooms, lemuel_crystal_altar, uniq_maggie
D:7:      layout_loops_corners, marbit_many_paths, minmay_unpleasant_kobolds
D:8:      layout_basic, mainiacjoe_overflow_paths,
          minmay_misc_feat_more_columns, minmay_joined_circles, uniq_harold
D:9:      nzn_winding_woodlands_cross [nzn_winding_woodlands_5x15_parted,
          nzn_winding_woodlands_5x15_eye, nzn_winding_woodlands_5x15_garden,
          nzn_winding_woodlands_5x15_crooked,
          nzn_winding_woodlands_15x15_killbox], layout_loops_ring,
          enter_bailey_3, minmay_misc_feat_doors
D:10:     wander_river, layout_cave_pools, grunt_nemelex_the_gamble,
          nicolae_tso_carved_into_rock, hangedman_tell_no_tales
D:11:     layout_cave_pools, dpeg_oklobed_lair, minmay_orc_entry_temple_small,
          chequers_serial_rivers_micro_d
D:12:     layout_loops_ring, drop_trap, minmay_holes,
          onia_ninara_dug_in_and_dangerous
D:13:     layout_roguey, david_vaults_1, minmay_nine_imps
D:14:     layout_loops_ring, grunt_decor_fettered, tgw_fedhas
D:15:     grunt_enter_depths_snipers, layout_loops_ring,
          nzn_wu_jian_contemplation, minmay_crystal_box
Temple:   jpeg_temple_clearing
Lair:1:   layout_cave_pods
Lair:2:   layout_long_grid, lemuel_fruit_tree, uniq_urug
Lair:3:   layout_gridlike, spider_nest_entry_webs, lemuel_fruit_fields
Lair:4:   layout_cellular_growth, skrybe_swamp_entry_bodies,
          gauntlet_entry_generic, grunt_megastairs_4, lemuel_fruit_fields,
          infiniplex_staircase_pool, uniq_snorg
Lair:5:   regret_index_tunnel_blossom, layout_regular_city, slime_altar_2,
          serial_bayou_pond_e, minivault_23
Lair:6:   evilmike_catoblepas_cave, layout_cave_shapes
Swamp:1:  layout_basic_swamp, lemuel_altar_in_water, swamp_pool5, ldierk_geyser
Swamp:2:  nicolae_swamp_long_stream, layout_basic_swamp,
          hangedman_swamp_ruin_hall
Swamp:3:  layout_basic_swamp, evilmike_swamp_ruin_house_2
Swamp:4:  swamp_alternative, layout_basic_swamp, swamp_pool4, uniq_roxanne
Spider:1: layout_spider_delve
Spider:2: layout_chambers
Spider:3: layout_cave_pods
Spider:4: spider_rune_water, nzn_ghost_randoct, nicolae_spider_webs_and_nodes,
          nicolae_spider_not_touching_you
Orc:1:    orc_temple, layout_diamond_mine
Orc:2:    st_orc_mages, layout_diamond_mine
Elf:1:    nicolae_elf_arrival_no_cutting_in_line, layout_onion_city,
          minmay_elf_demonology, hex_tiny, nicolae_elf_deep_mausoleum
Elf:2:    elven_hall_of_blades_hangedman_original
          [nicolae_blade_entry_sentries_behind_glass], layout_geoelf_diagonals,
          minmay_shop_grove
Elf:3:    minmay_elf_hall_hex, layout_onion_city, nicolae_elf_hall_of_bonks
Vaults:1: nicolae_vaults_what_the_h, vaults_room_door_hall, v_misc_15,
          vaults_room_octagon, v_misc_1, ontoclasm_vaults_ligature,
          grunt_vaults_trifunnel, v_misc_25, st_eye, vaults_dpeg_cross,
          vaults_room_fancy_cross, v_misc_28, nicolae_vaults_mini_display_case,
          ontoclasm_vaults_gateway, layout_vaults_maze

Skill      XL: |  1  2  3  4  5  6  7  8  9 10 11 12 13 14 15 16 17 18 19 20 |
---------------+-------------------------------------------------------------+-----
Earth Magic    | 4 5 6 7 8 9 10 11 13 14 15 16 17 18 19 | 19.8
Fighting       | 1 2 3 4 5 6 7 8 9 10 11 12 13 | 13.0
Armour         | 1 2 3 4 5 6 7 8 9 10 11 12 | 12.9
Conjurations   | 1 2 4 5 6 7 9 10 11 12 13 14 15 16 17 | 17.9
Dodging        | 2 3 4 5 6 7 8 9 10 | 10.3
Stealth        | 3 4 5 6 7 8 9 10 11 | 11.0
Spellcasting   | 3 4 5 6 7 8 9 10 11 12 13 14 15 | 15.4
Shields        | 2 4 5 |  5.3
Transmutations | |  0.7

Action                   |  1- 3 |  4- 6 |  7- 9 | 10-12 | 13-15 | 16-18 | 19-21 || total
-------------------------+-------+-------+-------+-------+-------+-------+-------++-------
Melee: Short sword       |    67 |    75 |    83 |    57 |       |       |       ||   282
       Unarmed           |     2 |       |       |       |       |       |       ||     2
       Punch             |       |     2 |     1 |       |       |       |       ||     3
       Staff             |       |       |       |     2 |       |       |       ||     2
       Quarterstaff      |       |       |       |       |    93 |    20 |   136 ||   249
 Cast: Sandblast         |    14 |    45 |    28 |    47 |    76 |     2 |     6 ||   218
       Stone Arrow       |       |       |    67 |   306 |   801 |   493 |   238 ||  1905
       Lee's Rapid Decon |       |       |       |       |    92 |   313 |   254 ||   659
       Swiftness         |       |       |       |       |       |     1 |     1 ||     2
       Orb of Destructio |       |       |       |       |       |       |    19 ||    19
Evoke: Wand              |       |       |       |       |     2 |     5 |     4 ||    11
       Lightning rod     |       |       |       |       |     1 |       |       ||     1
  Use: Scroll            |     4 |     5 |     7 |     8 |    13 |     8 |    10 ||    55
       Potion            |       |       |       |     8 |    10 |     1 |    11 ||    30
 Stab: Sleeping          |     5 |     2 |     4 |       |     1 |       |       ||    12
Armor: Robe              |    15 |       |       |       |       |       |       ||    15
       Leather armour    |     9 |    20 |    54 |       |       |       |       ||    83
       Steam dragon scal |       |       |    35 |     9 |       |       |       ||    44
       Shadow dragon sca |       |       |       |   160 |   895 |   588 |   712 ||  2355
Dodge: Dodged            |    40 |    42 |    91 |   101 |   392 |   191 |   373 ||  1230
